 Dungeon Crawl Stone Soup version 0.26-a0-540-g8a0c9464d7 (webtiles) character file.

Game seed: 11709443131111353692

57 kae the Skirmisher (level 4, 0/37 HPs)
             Began as a Formicid Abyssal Knight on Aug 18, 2020.
             Was a Follower of Lugonu.
             Slain by a kobold
             ... wielding a +0 short sword
              (3 damage)
             ... on level 2 of the Dungeon.
             The game lasted 00:02:33 (1638 turns).

kae the Skirmisher (Formicid Abyssal Knight)        Turns: 1638, Time: 00:02:33

Health: 0/37       AC:  3    Str: 18      XL:     4   Next: 18%
Magic:  6/6        EV: 11    Int: 10 (11) God:    Lugonu [*.....]
Gold:   104        SH:  0    Dex: 10      Spells: 3/3 levels left

rFire    . . .     SeeInvis +   a - +1 mace
rCold    . . .     Faith    .   (no shield)
rNeg     . . .     Spirit   .   b - +0 leather armour
rPois    .         Reflect  .   (helmet unavailable)
rElec    .         Harm     .   (no cloak)
rCorr    .         Clarity  +   (no gloves)
MR       .....                  (no boots)
Stlth    +.........             (no amulet)
HPRegen  0.12/turn              (no ring)
MPRegen  0.10/turn              (no ring)

@: lethally poisoned (0 -> -9)
A: permanent stasis, dig shafts and tunnels, four strong arms, antennae 3,
clarity, deterioration 1
a: Dig, Shaft Self, Depart the Abyss, Renounce Religion


You were on level 2 of the Dungeon.
You worshipped Lugonu.
Lugonu was aware of your devotion.
You visited 1 branch of the dungeon, and saw 2 of its levels.
You visited the Abyss 1 time.

You collected 104 gold pieces.

Inventory:

Hand Weapons
 a - a +1 mace (weapon)
Armour
 b - a +0 leather armour (worn)
Scrolls
 d - a scroll of fog
Potions
 c - 2 potions of flight


   Skills:
 + Level 3.8 Fighting
 * Level 3.2 Maces & Flails
 - Level 2.1 Armour
 - Level 0.8 Dodging
 + Level 3.1 Invocations


You had 3 spell levels left.
You didn't know any spells.
Your spell library contained the following spells:

 Spells                   Type           Power        Failure   Level
 Corona                   Hex            #......      41%         1
 Ensorcelled Hibernation  Hex/Ice        #.....       56%         2
 Confusing Touch          Hex            #.......     80%         3
 Dazzling Flash           Conj/Hex       #.....       80%         3
 Tukima's Dance           Hex            #.......     80%         3


Dungeon Overview and Level Annotations

Branches:
Dungeon (2/15)

Altars:


Innate Abilities, Weirdness & Mutations

You cannot be hasted, slowed, berserked, paralysed or teleported.
You can dig through walls and to a lower floor.
Your four strong arms can wield two-handed weapons with a shield.
You have a pair of large antennae on your head. (SInv)
You possess an exceptional clarity of mind.
Your body sometimes deteriorates upon taking damage.


Message History

The adder bites you. The kobold closely misses you.
It was a potion of mutation.
You feel extremely strange.
You feel yourself wasting away.
Your thoughts seem clearer.
The adder bites you.
You are lethally poisoned!
The adder poisons you!
The kobold hits you with a +0 short sword.
* * * LOW HITPOINT WARNING * * *
You sock the adder!
You kill the adder!
Lugonu accepts your kill.
* * * LOW HITPOINT WARNING * * *
You feel sick. The kobold closely misses you.
You closely miss the hobgoblin.
* * * LOW HITPOINT WARNING * * *
You feel sick. The hobgoblin hits you with a +0 club.
* * * LOW HITPOINT WARNING * * *
Your body deteriorates!
You feel dopey.
The kobold hits you with a +0 short sword.
You die...

#.#)..# #.....# #
#..#..# ..
###.....## #.
####........# #.###
##.........#.# ...
#...###....#..
#K####.#.#.....####
#.@g...#...##..# #
####.#...#####.# #
...###g...........#
#
.........####..##.#
{.....#.## ......
......)....# ###.#
...#.#...###
.?##.#.### .. #.#.


You could see a hobgoblin and a kobold.

Vanquished Creatures
  An adder (D:2)
  An ooze (D:2)
  A dart slug (D:1)
  2 leopard geckos
  3 bats
  3 giant cockroaches
  2 goblins (D:1)
  7 hobgoblins
  5 jackals
  2 frilled lizards
  5 kobolds
  5 rats (D:1)
37 creatures vanquished.

Notes
Turn   | Place    | Note
-------+----------+-------------------------------------------
     0 | Abyss:1  | kae the Formicid Abyssal Knight began the quest for the
                  | Orb.
     0 | Abyss:1  | Reached XP level 1. HP: 18/18 MP: 2/2
     7 | Abyss:1  | Found an iron altar of Okawaru.
    50 | Abyss:1  | Noticed a large abomination
   119 | Abyss:1  | Noticed a tentacled starspawn
   124 | Abyss:1  | Noticed a balrug
   133 | Abyss:1  | Noticed a ynoxinul
   136 | D:1      | Escaped the Abyss
   155 | D:1      | Noticed a hound
   155 | D:1      | Noticed a crocodile
   155 | D:1      | Noticed a black bear
   155 | D:1      | Noticed a salamander
   330 | D:1      | Reached XP level 2. HP: 17/24 MP: 3/3
   554 | D:1      | Reached * piety under Lugonu
   694 | D:1      | Reached XP level 3. HP: 29/29 MP: 4/4
  1620 | D:2      | Reached XP level 4. HP: 37/37 MP: 6/6
  1636 | D:2      | Gained mutation: Your body sometimes deteriorates upon
                  | taking damage. [potion of mutation]
  1636 | D:2      | Gained mutation: You possess an exceptional clarity of
                  | mind. [potion of mutation]
  1638 | D:2      | Slain by a kobold

Illustrated notes

Levels and vault maps discovered:
D:1:      onia_arrival_zoo_common, layout_basic, st_stairs_1,
          chequers_serial_rivers_micro_b
D:2:      layout_rooms, serial_park_tiny_pond

Skill      XL: |  1  2  3 |
---------------+----------+-----
Maces & Flails | 3 |  3.2
Invocations    | 3 |  3.1
Fighting       | |  3.8
Armour         | |  2.1
Dodging        | |  0.8

Action                   |  1- 3 |  4- 6 || total
-------------------------+-------+-------++-------
Melee: Mace              |   100 |    16 ||   116
Invok: Depart the Abyss  |     1 |       ||     1
 Abil: Dig               |     1 |       ||     1
  Use: Scroll            |     3 |       ||     3
       Potion            |       |     2 ||     2
Armor: Leather armour    |    41 |     4 ||    45
Dodge: Dodged            |    77 |    24 ||   101

Table legend: (Time is in decaauts)
 A = Elapsed time spent in this place.
 B = Non-inter-level travel time spent in this place.
 C = Inter-level travel time spent in this place.
 D = Time resting spent in this place.
 E = Time spent auto-exploring this place.
 F = Levels seen in this place.
 G = Mean time per level.
                   A        B        C        D        E       F      G
               +--------+--------+--------+--------+--------+-----+--------+
         Total |   1673 |   1637 |     36 |    270 |   1012 |   3 |  557.7 |
       Dungeon |   1536 |   1500 |     36 |    270 |    933 |   2 |  768.0 |
         Abyss |    136 |    136 |      0 |      0 |     79 |   1 |  136.0 |
               +--------+--------+--------+--------+--------+-----+--------+

Top non-repeatable levels by time:
     D:1: 1292 daAuts
     D:2: 243 daAuts
 Abyss:1: 136 daAuts
